 Dungeon Crawl Stone Soup version 0.20.2-3-g29329e0561 (webtiles) character file.

11720 Alfie the Slicer (level 11, -17/97 HPs)
             Began as a Minotaur Fighter on Jan 17, 2024.
             Demolished by Rupert
             ... wielding a +3 great mace of crushing
              (38 damage)
             ... on level 12 of the Dungeon on Jan 18, 2024.
             The game lasted 00:31:24 (9487 turns).

Alfie the Slicer (Minotaur Fighter)                 Turns: 9487, Time: 00:31:25

Health: -17/97     AC: 16    Str: 23    XL:     11   Next: 53%
Magic:  10/10      EV: 12    Int:  5    God:
Gold:   832        SH: 14    Dex: 11    Spells: 8/10 levels left

rFire    + . .     SeeInvis +   a - +0 rapier
rCold    x . .     Gourm    .   s - +2 shield
rNeg     . . .     Faith    .   b - +2 scale mail
rPois    .         Spirit   .   (helmet restricted)
rElec    .         Reflect  .   x - +1 cloak
rCorr    .         Harm     .   (no gloves)
MR       +....                  J - +2 pair of boots
Stlth    ..........             e - amulet of regeneration
Regen    0.7/turn               G - ring of fire
MPRegen  0.2/turn               P - ring "Eplis" {MR+ SInv}

@: no status effects
A: retaliatory headbutt, horns 2
a: no special abilities


You were on level 12 of the Dungeon.
You were not hungry.

You visited 1 branch of the dungeon, and saw 12 of its levels.

You collected 832 gold pieces.

Inventory:

Hand Weapons
 a - a +0 rapier (weapon)
 B - a +4 quarterstaff of chaos
Missiles
 y - 9 tomahawks (quivered)
Armour
 b - a +2 scale mail (worn)
 s - a +2 shield (worn)
 x - a +1 cloak (worn)
 J - a +2 pair of boots (worn)
Jewellery
 e - an amulet of regeneration (around neck)
 G - a ring of fire (left hand)
 I - an uncursed amulet of guardian spirit
 P - the ring "Eplis" (right hand) {MR+ SInv}
   (You found it on level 8 of the Dungeon)

   [ring of see invisible]

   It affects your resistance to hostile enchantments.
   It lets you see invisible.
Wands
 d - a wand of digging (21/24)
 h - a wand of confusion (11/48)
 p - a wand of random effects (47/48)
 C - a wand of iceblast (7/15)
 L - a wand of disintegration (14/24)
 M - a wand of paralysis (8/24)
 Q - a wand of lightning (6/15)
Scrolls
 n - 8 scrolls of remove curse
 r - a scroll of magic mapping
 v - a scroll of fear
 w - 2 scrolls of fog
 A - 3 scrolls of teleportation
 F - a scroll of blinking
Potions
 g - 3 potions of heal wounds
 j - 2 potions of mutation {unknown}
 k - 2 potions of agility
 l - a potion of berserk rage {unknown}
 m - 2 potions of flight {unknown}
 o - 4 potions of curing
 u - a potion of cancellation {unknown}
 z - a potion of haste {unknown}
 E - 2 potions of lignification {unknown}
 H - 4 potions of resistance
 K - 2 potions of might
 N - a potion of ambrosia {unknown}
Comestibles
 c - 10 fruits
 f - 4 bread rations
 q - 3 royal jellies
 t - 3 meat rations


   Skills:
 + Level 9.4 Fighting
 + Level 11.6 Short Blades
 + Level 2.9 Throwing
 + Level 9.0 Armour
 + Level 6.1 Dodging
 + Level 0.8 Stealth
 + Level 11.6 Shields


You had 8 spell levels left.
You knew the following spells:

 Your Spells              Type           Power        Failure   Level  Hunger
a - Beastly Appendage     Tmut           #.....       88%         1    ##.....
b - Confusing Touch       Hex            #.....       88%         1    ##.....


Dungeon Overview and Level Annotations

Branches:
Dungeon (12/15)            Temple (0/1) D:6            Lair (0/6) D:8
    Orc (0/2) D:11

Altars:

Shops:
D:10 (

Annotations:
D:6 Prince Ribbit
D:12 Rupert


Innate Abilities, Weirdness & Mutations

You reflexively headbutt those who attack you in melee.
You have a pair of horns on your head.


Message History

Rupert is almost dead.
You block Rupert's attack.
You puncture Rupert!
Rupert is almost dead.
You hit Rupert but do no damage. You headbutt Rupert!
Rupert is almost dead.
Rupert hits you with a great mace of crushing!
* * * LOW HITPOINT WARNING * * *
x2 You hit Rupert.
You headbutt Rupert.
Rupert is almost dead.
You block Rupert's attack.
You hit Rupert. You headbutt Rupert, but do no damage.
Rupert is almost dead.
You hit Rupert but do no damage. You headbutt Rupert, but do no damage.
Rupert is almost dead.
You block Rupert's attack.
You barely miss Rupert.
Rupert is almost dead.
Rupert hits you with a great mace of crushing!!!
You die...

#....# #.(..#
#(...#
########(...#
##.....##(...#
#).....##(...#
#......#.@...#
#......#.@...#
#......'.....#
#......#.....#
#......#.....#
#......#.....#
######'##....#
#..<....#######
+.............#
#.............#


You could see Rupert (berserk).

Vanquished Creatures
  A two-headed ogre (D:10)
  Urug (D:11)
  Joseph (D:9)
  The ghost of Alfie the Cutter, a novice HOFi (D:7)
  A gargoyle (D:12)
  2 trolls
  A wolf spider simulacrum (D:11)
  3 hippogriffs (D:11)
  A wraith (D:12)
  Sigmund (D:6)
  6 yaks (D:11)
  2 hungry ghosts
  2 vampire mosquitoes (D:9)
  2 wargs
  Duvessa (D:7)
  A water moccasin (D:11)
  2 ice beasts
  6 orc warriors
  2 phantoms
  3 sky beasts
  A black bear (D:8)
  An eye of draining (D:7)
  2 crocodiles
  3 ogres
  7 centaurs
  2 big kobolds
  4 bullfrogs
  Dowan (D:7)
  A scorpion (D:5)
  15 killer bees
  5 wights (D:9)
  2 howler monkeys
  6 crimson imps
  2 centaur zombies
  3 hounds
  A quasit (D:7)
  4 bullfrog skeletons
  2 jellies
  10 orc priests
  Crazy Yiuf (D:4)
  16 orc wizards
  2 centaur skeletons
  2 iguanas
  7 worker ants
  A hound zombie (D:6)
  A worker ant zombie (D:5)
  5 gnolls
  14 adders
  A shadow imp (D:8)
  An ooze (D:3)
  3 adder skeletons
  2 dart slugs
  2 leopard geckos
  44 orcs
  10 bats
  7 giant cockroaches
  11 goblins
  19 hobgoblins
  17 jackals
  26 kobolds
  3 quokkas
  4 frilled lizards
  A leopard gecko zombie (D:7)
  A quokka skeleton (D:9)
  A quokka zombie (D:5)
  7 rats
321 creatures vanquished.

Notes
Turn   | Place    | Note
-------+----------+-------------------------------------------
     0 | D:1      | Alfie the Minotaur Fighter began the quest for the Orb.
     0 | D:1      | Reached XP level 1. HP: 19/19 MP: 0/0
   145 | D:1      | Reached XP level 2. HP: 27/27 MP: 1/1
   593 | D:1      | Reached XP level 3. HP: 33/33 MP: 2/2
   785 | D:2      | Learned a level 1 spell: Beastly Appendage
   836 | D:2      | Reached XP level 4. HP: 38/40 MP: 3/3
  1450 | D:3      | Noticed a centaur
  1456 | D:3      | Killed a centaur
  1456 | D:3      | Reached skill level 1 in Dodging
  1456 | D:3      | Reached XP level 5. HP: 39/47 MP: 4/4
  2227 | D:4      | Noticed a phantom
  2346 | D:4      | Killed a phantom
  2346 | D:4      | Reached skill level 5 in Shields
  2346 | D:4      | Reached XP level 6. HP: 46/55 MP: 5/5
  2431 | D:4      | Reached skill level 5 in Fighting
  2435 | D:4      | Reached skill level 1 in Throwing
  2516 | D:4      | Found a runed door.
  2835 | D:4      | Noticed Crazy Yiuf
  2840 | D:4      | Killed Crazy Yiuf
  2901 | D:5      | Entered Level 5 of the Dungeon
  3110 | D:5      | Reached XP level 7. HP: 57/61 MP: 6/6
  3129 | D:5      | Reached skill level 5 in Short Blades
  3248 | D:5      | Reached skill level 5 in Armour
  3718 | D:6      | Noticed Prince Ribbit
  3811 | D:6      | Reached XP level 8. HP: 23/70 MP: 7/7
  3885 | D:6      | Noticed Sigmund
  3902 | D:6      | Killed Sigmund
  4090 | D:6      | Found a staircase to the Ecumenical Temple.
  4713 | D:7      | Noticed Joseph
  4740 | D:7      | Noticed Alfie's ghost (novice HOFi)
  4754 | D:7      | Killed Alfie's ghost
  4754 | D:7      | Reached XP level 9. HP: 67/78 MP: 8/8
  5241 | D:7      | Noticed Dowan
  5249 | D:7      | Noticed Duvessa
  5426 | D:7      | Killed Duvessa
  5432 | D:7      | Killed Dowan
  5610 | D:8      | Found a staircase to the Lair.
  6070 | D:8      | Got a pitted marble ring
  6079 | D:8      | Identified the ring "Eplis" {MR+ SInv} (You found it on level 8 of the Dungeon)
  6463 | D:9      | Killed Joseph
  6463 | D:9      | Reached XP level 10. HP: 83/86 MP: 9/9
  6686 | D:9      | Reached skill level 5 in Dodging
  7318 | D:10     | Entered Level 10 of the Dungeon
  7318 | D:10     | Found Fos Icke's Weapon Boutique.
  7451 | D:10     | Reached skill level 10 in Shields
  7535 | D:10     | Reached skill level 10 in Short Blades
  7728 | D:10     | Noticed a two-headed ogre
  7743 | D:10     | Killed a two-headed ogre
  7986 | D:10     | Reached XP level 11. HP: 95/95 MP: 10/10
  8502 | D:11     | Learned a level 1 spell: Confusing Touch
  8565 | D:11     | Noticed Urug
  8581 | D:11     | Killed Urug
  8793 | D:11     | Found a staircase to the Orcish Mines.
  9429 | D:12     | Noticed Rupert
  9487 | D:12     | Demolished by Rupert

Skill      XL: |  1  2  3  4  5  6  7  8  9 10 11 |
---------------+----------------------------------+-----
Shields        | 4 5 6 7 9 10 11 | 11.6
Fighting       | 4 5 6 7 8 9 |  9.4
Armour         | 4 5 6 8 9 |  9.0
Short Blades   | 3 4 5 7 9 10 11 | 11.6
Dodging        | 1 2 3 4 5 6 |  6.1
Throwing       | 1 2 |  2.9
Stealth        | |  0.8

Action                   |  1- 3 |  4- 6 |  7- 9 | 10-12 || total
-------------------------+-------+-------+-------+-------++-------
Melee: Rapier            |   107 |   201 |   544 |   659 ||  1511
       Headbutt          |    13 |    22 |   101 |   158 ||   294
Throw: Tomahawk          |       |    16 |    19 |    21 ||    56
  Use: Scroll            |       |     5 |    11 |    11 ||    27
       Potion            |       |     1 |     5 |       ||     6
  Eat: Royal jelly       |       |     3 |       |       ||     3
       Bread ration      |       |     1 |     1 |     1 ||     3
       Meat ration       |       |       |     1 |       ||     1
       Fruit             |       |       |     3 |     7 ||    10
Armor: Scale mail        |    64 |    88 |   130 |   120 ||   402
Dodge: Dodged            |    47 |    64 |   155 |   133 ||   399
Block: Shield            |    70 |   131 |   289 |   358 ||   848
